 Dungeon Crawl Stone Soup version 0.29-a0-251-g80730f7218 (webtiles) character file.

Game seed: 2623591117799615770

84 spaghetti the Skirmisher (level 4, -2/53 HPs)
             Began as an Ogre Chaos Knight on Mar 5, 2022.
             Was a Plaything of Xom.
             Slain by Sigmund
             ... wielding a +0 scythe
              (9 damage)
             ... on level 2 of the Dungeon.
             The game lasted 00:04:02 (2404 turns).

spaghetti the Skirmisher (Ogre Chaos Knight)        Turns: 2404, Time: 00:04:04

Health: -2/53      AC:  9    Str: 18    XL:     4   Next: 45%
Magic:  4/4        EV:  9    Int: 13    God:    Xom [...*..]
Gold:   151        SH:  0    Dex:  4    Spells: 3/3 levels left

rFire   . . .      SeeInvis .   a - +0 falchion (chaos) {long}
rCold   . . .      Faith    .   (no shield)
rNeg    . . .      Spirit   .   b - +2 robe
rPois   .          Reflect  .   (helmet restricted)
rElec   .          Harm     .   f - scarf {repulsion}
rCorr   .          Rampage  .   (gloves unavailable)
Will    .....                   (boots unavailable)
Stlth   +.........              (no amulet)
HPRegen 0.17/turn               m - +4 ring of protection
MPRegen 0.09/turn               (no ring)

@: repel missiles, unable to read
A: large, unfitting armour, tough skin 1, clumsy 2, inability to read while
threatened
a: Renounce Religion


You were on level 2 of the Dungeon.
You worshipped Xom.
You were a favourite toy of Xom.
You visited 1 branch of the dungeon, and saw 2 of its levels.

You collected 151 gold pieces.


Innate Abilities, Weirdness & Mutations

You are too large for most types of armour.
You have tough skin. (AC +1)
You are very clumsy. (Dex -4)
You sometimes lose the ability to read scrolls when taking damage.


   Skills:
 + Level 6.8 Fighting
 - Level 2.6 Long Blades
 - Level 2.1 Dodging


You had 3 spell levels left.
You didn't know any spells.
Your spell library was empty.

Inventory:

Hand Weapons
 a - a +0 falchion of chaos (weapon) {long}
Missiles
 c - 78 stones (quivered) {throwing}
Armour
 b - a +2 robe (worn)
 f - a scarf of repulsion (worn)
   (You found it on level 1 of the Dungeon)
Jewellery
 h - a ring of flight
   (You found it on level 1 of the Dungeon)
 j - an amulet of the acrobat
   (You found it on level 1 of the Dungeon)
 m - a +4 ring of protection (left hand)
   (Xom gifted it to you on level 2 of the Dungeon)
Scrolls
 i - a scroll of fear
 l - a scroll of identify {@r1}
 n - a scroll of enchant armour {unknown}
Potions
 g - 2 potions of attraction {!q}

Dungeon Overview and Level Annotations

Branches:
Dungeon (2/15)

Altars:
Xom
Yredelemnul

Annotations:
D:2 Sigmund

,************
,,,,,,,,,,,,***###
,**********,#....# ,*
*,#.##.# ,* *,#.##.# ,*
*,#.##.# ,# #,#.##.# .#
#.#.##{# .###**#####.#.##@#
...,,,..........>#
.#****#####.#.#### .#
#,#.############## .#
*,#..............# .#
*,#############.## .#
*,..............#
<#######################..#
.#.................#####..#


There were no monsters in sight!


Message History

😮 HP[-4]
You take 4 damage, and now have 41/79 hp.
You closely miss something.
You feel less confused.
You hear some strange, mumbled words.
A puff of flame appears from out of thin air!
The puff of flame hits you but does no damage.
Something hits you!
* * * LOW HITPOINT WARNING * * *
😨 HP[-7]
You take 7 damage, and now have 34/79 hp.
You closely miss something.
You hear some strange, mumbled words.
Something tries to affect you, but you resist.
Something hits you.
* * * LOW HITPOINT WARNING * * *
😨 HP[-4]
You take 4 damage, and now have 30/79 hp.
You closely miss something.
You hear some strange, mumbled words.
A puff of flame appears from out of thin air!
The puff of flame hits you but does no damage.
Something hits you but does no damage.
You barely miss something. Something hits you but does no damage.
You hear some strange, mumbled words.
A magic dart appears from out of thin air!
The magic dart hits you but does no damage.
You closely miss something. Something hits you.
* * * LOW HITPOINT WARNING * * *
Something hits you but does no damage. 😨 HP[-2]
You take 2 damage, and now have 28/79 hp.
It was a potion of flight.
Your roots keep you in place.
You hear some strange, mumbled words.
Something tries to affect you, but you resist.
Something hits you but does no damage.
You hit something but do no damage.
You can read scrolls again.
You hear some strange, mumbled words.
A magic dart appears from out of thin air!
The magic dart hits you but does no damage.
You hear some strange, mumbled words.
A magic dart appears from out of thin air!
The magic dart hits you but does no damage. 😨 HP[+1]
You miss something.
You feel yourself speed up. Something hits you!
You feel threatened and lose the ability to read scrolls!
* * * LOW HITPOINT WARNING * * *
Something hits you but does no damage. 😱 HP[-10]
You take 10 damage, and now have 19/79 hp.
You closely miss something. Your punch misses something.
You barely miss something. Something hits you.
* * * LOW HITPOINT WARNING * * *
😱 HP[-5]
You take 5 damage, and now have 14/79 hp.
You hit something but do no damage.
Your transformation is almost over.
You hear some strange, mumbled words.
Something tries to affect you, but you resist. 😱 HP[+1]
You barely miss something.
You hear some strange, mumbled words.
You are confused.
You hear some strange, mumbled words.
A magic dart appears from out of thin air!
The magic dart hits you but does no damage.
Unknown command.
Unknown command.
You miss something.
You hear some strange, mumbled words.
Something tries to affect you, but you resist.
Something hits you but does no damage.
You completely miss something. Something hits you.
* * * LOW HITPOINT WARNING * * *
😱 HP[-5]
You take 5 damage, and now have 10/79 hp.
Okay, then.
You are too confused!
You swing at nothing.
You hear some strange, mumbled words.
Something tries to affect you, but you resist.
Something hits you but does no damage.
You nearly hit yourself!
Something hits you but does no damage.
You miss something.
You recover from your berserk rage.
You feel less confused.
You hear some strange, mumbled words.
A magic dart appears from out of thin air!
The magic dart hits you but does no damage.
You cannot read scrolls in your current state!
You hit something but do no damage.
You feel less wooden.
Your scarf of repulsion unmelds from your body.
Your +2 robe unmelds from your body.
You are surrounded by a repulsion field.
Something hits you!
You die... "Huh?
Did I miss anything?"

Skill      XL: |  1  2  3 |
---------------+----------+-----
Fighting       | 5 6 |  6.8
Long Blades    | |  2.6
Dodging        | |  2.1

Action                   |  1- 3 |  4- 6 || total
-------------------------+-------+-------++-------
Melee: Falchion          |    94 |    75 ||   169
       Punch             |     1 |       ||     1
  Use: Scroll            |     6 |     1 ||     7
       Potion            |     1 |     3 ||     4
Armor: Robe              |    60 |    33 ||    93
       Skin              |       |    30 ||    30
Dodge: Dodged            |    75 |    28 ||   103
       Repelled          |       |     1 ||     1

Levels and vault maps discovered:
D:1:      dpeg_arrival_pond, layout_loops_corners, minmay_split_cup_small
D:2:      layout_basic, basic_altar, minmay_close_crescents, uniq_sigmund,
          uniq_terence

Notes
Turn   | Place    | Note
-------+----------+-------------------------------------------
     0 | D:1      | spaghetti the Ogre Chaos Knight began the quest for the
                  | Orb.
     0 | D:1      | Reached XP level 1. HP: 24/24 MP: 1/1
     0 | D:1      | magus.rc [v1.9.6]
    42 | D:1      | XOM: divination: detect creatures
   116 | D:1      | Reached XP level 2. HP: 33/33 MP: 2/2
   181 | D:1      | Reached skill level 5 in Fighting
   387 | D:1      | XOM: silly message
   501 | D:1      | Reached XP level 3. HP: 41/42 MP: 3/3
   801 | D:1      | XOM: give mutations
   801 | D:1      | Gained mutation: You are frail. (-10% HP) [Xom's mischief]
   801 | D:1      | Gained mutation: You are clumsy. (Dex -2) [Xom's mischief]
   933 | D:1      | XOM is BORED!
   933 | D:1      | XOM: give mutations
   933 | D:1      | Lost mutation: You are frail. (-10% HP) [Xom's mischief]
   933 | D:1      | Gained mutation: You sometimes lose the ability to read
                  | scrolls when taking damage. [Xom's mischief]
   933 | D:1      | Gained mutation: You are very clumsy. (Dex -4) [Xom's
                  | mischief]
  1057 | D:2      | Noticed Terence
  1089 | D:1      | XOM: cloud trail
  1095 | D:1      | XOM: god gift: scroll labelled GEREER ICIPNOI {god gift}
  1285 | D:1      | XOM: scenery: create altars
  1443 | D:2      | XOM: confuse monster(s)
  1446 | D:2      | HP: 5/44 [Terence/+0 falchion (9)]
  1512 | D:2      | HP: 7/44 [Terence/+0 falchion (7)]
  1520 | D:2      | XOM: cast spell 'Summon Hydra'
  1521 | D:2      | Killed Terence
  1522 | D:2      | Reached skill level 6 in Fighting
  1522 | D:2      | Reached XP level 4. HP: 10/53 MP: 4/4
  1941 | D:2      | Found a basalt altar of Yredelemnul.
  2204 | D:2      | XOM: god gift: +4 ring of protection
  2304 | D:2      | XOM: noise
  2368 | D:2      | Noticed Sigmund
  2394 | D:2      | HP: 19/79 [something (10)]
  2400 | D:2      | HP: 10/79 [something (6)]
  2404 | D:2      | Slain by Sigmund

Vanquished Creatures
  2 dart slugs (D:2)
  9 bats
  3 endoplasms
  2 giant cockroaches (D:1)
  4 goblins
  6 hobgoblins
  3 jackals
  5 kobolds
  5 ball pythons
  5 frilled lizards
  6 rats
50 creatures vanquished.

Vanquished Creatures (collateral kills)
  Terence (D:2)
1 creature vanquished.

Grand Total: 51 creatures vanquished

Table legend:
 A = Non-vault XP
 B = Vault XP
 C = Vault XP percentage of total XP
 D = Non-vault monster count
 E = Vault monster count
 F = Vault count percentage of total count
                 A         B        C        D         E       F
            +---------+---------+-------+---------+---------+-------
      Total |      66 |      54 |  45.0 |      40 |      11 |  21.6
            +---------+---------+-------+---------+---------+-------
        D:1 |      46 |       4 |   8.0 |      27 |       3 |  10.0
        D:2 |      20 |      50 |  71.4 |      13 |       8 |  38.1
            +---------+---------+-------+---------+---------+-------

Illustrated notes

Table legend:
 A = Kills in this place as a percentage of kills in entire the game.
 B = Kills by you in this place as a percentage of kills by you in the entire game.
 C = Kills by friends in this place as a percentage of kills by friends in the entire game.
 D = Other kills in this place as a percentage of other kills in the entire game.
 E = Experience gained in this place as a percentage of experience gained in the entire game.
 F = Experience gained in this place divided by the number of levels of this place that you have seen.
                   A       B       C       D       E      F
               +-------+-------+-------+-------+-------+----------------------
         Total | 100.0 | 100.0 | 100.0 |   N/A | 100.0 |  60.0
       Dungeon | 100.0 | 100.0 | 100.0 |   N/A | 100.0 |  60.0
               +-------+-------+-------+-------+-------+----------------------

Table legend: (Time is in decaauts)
 A = Elapsed time spent in this place.
 B = Non-inter-level travel time spent in this place.
 C = Inter-level travel time spent in this place.
 D = Time resting spent in this place.
 E = Time spent auto-exploring this place.
 F = Levels seen in this place.
 G = Mean time per level.
                   A        B        C        D        E       F      G
               +--------+--------+--------+--------+--------+-----+--------+
         Total |   2444 |   2338 |    106 |    478 |   1397 |   2 | 1222.0 |
       Dungeon |   2444 |   2338 |    106 |    478 |   1397 |   2 | 1222.0 |
               +--------+--------+--------+--------+--------+-----+--------+

Top non-repeatable levels by time:
     D:1: 1242 daAuts
     D:2: 1202 daAuts
